 Dungeon Crawl Stone Soup version 0.30.2 (webtiles) character file.

Game seed: 17059462973270807221

1514 Nonny the Carver (level 8, -8/56 HPs)
             Began as a Merfolk Gladiator on Mar 31, 2024.
             Was an Initiate of Dithmenos.
             Mangled by a gnoll
             ... wielding a +0 halberd
             ... led by a gnoll bouda
              (12 damage)
             ... on level 6 of the Dungeon.
             The game lasted 00:15:00 (4461 turns).

Nonny the Carver (Merfolk Gladiator)                Turns: 4461, Time: 00:15:01

Health: -8/56      AC:  6    Str: 15    XL:     8   Next: 83%
Magic:  8/8        EV: 12    Int:  7    God:    Dithmenos [......]
Gold:   339        SH: 10    Dex: 17    Spells: 7/7 levels left

rFire   . . .        a - +1 long sword (venom)
rCold   . . .        r - +0 kite shield
rNeg    . . .        o - +0 ring mail
rPois   .            c - +0 helmet
rElec   .            (no cloak)
rCorr   .            (no gloves)
SInv    .            (no boots)
Will    .....        (no amulet)
Stlth   ++           (no ring)
HPRegen 0.29/turn    (no ring)
MPRegen 0.11/turn

%: no passive effects
@: attractive
A: (nimble swimmer 2), mertail
a: Renounce Religion


You were on level 6 of the Dungeon.
You worshipped Dithmenos.
Dithmenos was noncommittal.
You visited 2 branches of the dungeon, and saw 7 of its levels.

You collected 339 gold pieces.

Inventory:

Hand Weapons
 a - a +1 long sword of venom (weapon)
 t - the +1 dagger of Circular Logic {flame, rN+ Str-2 Int+5 Dex+3}
   (You found it on level 6 of the Dungeon)

   Str:       It affects your strength (-2).
   Int:       It affects your intelligence (+5).
   Dex:       It affects your dexterity (+3).
   rN:        It protects you from negative energy.
Missiles
 e - 9 javelins
 i - 65 stones (quivered)
 p - 3 poisoned darts
Armour
 c - a +0 helmet (worn)
 o - a +0 ring mail (worn)
 r - a +0 kite shield (worn)
Wands
 u - a wand of flame (19)
 w - a wand of charming (7)
 x - a wand of iceblast (7)
 C - a wand of mindburst (20)
Scrolls
 b - 2 scrolls of poison
 f - a scroll of magic mapping {unknown}
 g - a scroll of amnesia {unknown}
 l - 2 scrolls of teleportation {unknown}
 n - 2 scrolls of fog
 v - a scroll of enchant armour {unknown}
 y - a scroll of blinking {unknown}
 z - a scroll of vulnerability {unknown}
Potions
 h - a potion of cancellation
 j - a potion of resistance
 k - 2 potions of haste
 m - 4 potions of brilliance
 D - 3 potions of curing


   Skills:
 + Level 2.2 Fighting
 + Level 8.8 Long Blades
 * Level 2.1 Throwing
 + Level 6.9 Dodging
 - Level 4.0 Stealth
 - Level 5.0 Shields
 * Level 2.8 Evocations


You had 7 spell levels left.
You didn't know any spells.
Your spell library contained the following spells:

 Spells                   Type           Power      Damage    Failure   Level
 Summon Small Mammal      Summ           0%         N/A       95%         1
 Call Canine Familiar     Summ           0%         N/A       100%        3
 Portal Projectile        Hex/Tloc       0%         N/A       100%        3
 Summon Guardian Golem    Hex/Summ       0%         N/A       100%        3
 Leda's Liquefaction      Hex/Erth       0%         N/A       100%        4


Dungeon Overview and Level Annotations

Branches:
Dungeon (6/15)             Temple (1/1) D:4

Altars:
Ashenzari
Cheibriados
Dithmenos
Elyvilon
Fedhas
Gozag
Hepliaklqana
Kikubaaqudgha
Makhleb
Nemelex Xobeh
Qazlal
Ru
Trog
Uskayaw
Wu Jian
Xom
Yredelemnul
Zin

Shops:
D:5 **

Annotations:
D:5 1 runed translucent door, angrytalen3's ghost, amateur MiGl


Innate Abilities, Weirdness & Mutations

((You are very nimble when in or above water. (Stealth+, EV+, Speed+++)))
Your lower body shifts to a powerful aquatic tail in water.


Message History

The gnoll barely misses you.
You bump into the rock wall.
The gnoll barely misses you.
The phantom hits you but does no damage.
The gnoll barely misses you.
You're too confused to move!
The gnoll misses you. The phantom barely misses you.
The gnoll barely misses you.
You bump into the rock wall.
You feel less invigorated.
You feel less confused. The gnoll misses you. The phantom hits you.
The gnoll hits you from afar with a +0 halberd!
You closely miss the phantom.
The phantom is severely damaged.
The gnoll hits you from afar with a +0 halberd!
* * * LOW HITPOINT WARNING * * *
The phantom hits you.
* * * LOW HITPOINT WARNING * * *
The gnoll hits you from afar with a +0 halberd.
* * * LOW HITPOINT WARNING * * *
Okay, then.
The phantom attacks as you move away! The phantom closely misses you.
Okay, then.
The phantom attacks as you move away! The phantom hits you.
* * * LOW HITPOINT WARNING * * *
Okay, then.
It was a potion of attraction.
You feel attractive to monsters. The phantom hits you.
* * * LOW HITPOINT WARNING * * *
The gnoll barely misses you.
Okay, then.
The air fills with toxic fumes!
As you read the scroll labelled IBEEMUFISM, it crumbles to dust.
It was a scroll of poison.
You block the phantom's attack. The gnoll closely misses you.
As you read the scroll labelled MEHUTU LACAYTWEUV, it crumbles to dust.
It is a scroll of enchant weapon.
Your +0 long sword of venom glows red for a moment.
The phantom barely misses you.
The gnoll hits you from afar with a +0 halberd!
You die...

### ...# ####....#(
#§g)g./.'. #W##g...#.
#@# ....# # #§##.###..
#.###§##.## .
#...§§§...##...
####§§§.......# #
########§§§#.##...#.#
........§§§§#.###..#.#
........§§§§§........#
#
.........≈≈.≈≈......#


You could see a phantom and a gnoll.

Vanquished Creatures
  Menkaure (D:4)
  An ice beast (D:5)
  3 centaurs
  An ogre (D:5)
  A phantom (D:4)
  A kobold brigand (D:6)
  A bullfrog (D:6)
  Blork the orc (D:4)
  2 scorpions
  An electric eel (D:6)
  5 hounds
  A gnoll bouda (D:6)
  Jessica (D:3)
  4 iguanas
  2 orc wizards
  2 gnolls (D:6)
  7 adders
  2 ufetubi
  2 worms (D:2)
  6 orcs
  9 bats
  6 endoplasms
  4 giant cockroaches
  5 goblins
  4 hobgoblins
  4 quokkas
  11 ball pythons
  10 frilled lizards
  14 kobolds
  4 rats
116 creatures vanquished.

Notes
Turn   | Place    | Note
-------+----------+-------------------------------------------
     0 | D:1      | Nonny the Merfolk Gladiator began the quest for the Orb.
     0 | D:1      | Reached XP level 1. HP: 16/16 MP: 1/1
   113 | D:1      | Reached XP level 2. HP: 15/22 MP: 2/2
   154 | D:1      | Reached skill level 1 in Stealth
   193 | D:1      | Reached skill level 4 in Long Blades
   224 | D:1      | staff of death in west
   448 | D:2      | ruby potion - resistance
   448 | D:2      | OCVAEMO ASEBB - identify
   457 | D:2      | Reached XP level 3. HP: 26/27 MP: 3/3
   463 | D:2      | purple potion - haste
   464 | D:2      | blue potion - brilliance
   784 | D:2      | Reached skill level 5 in Dodging
   800 | D:2      | Reached XP level 4. HP: 26/33 MP: 4/4
   828 | D:2      | Reached skill level 5 in Long Blades
  1052 | D:1      | D:2 uphatch looks good.
  1111 | D:3      | Noticed Jessica
  1157 | D:3      | Killed Jessica
  1158 | D:3      | Reached XP level 5. HP: 38/38 MP: 5/5
  1163 | D:3      | murky clear potion - cancellation
  1164 | D:3      | sapphire potion - curing
  1331 | D:3      | Found a faded altar of an unknown god.
  1868 | D:4      | Reached skill level 1 in Shields
  1955 | D:4      | Found a sacrificial altar of Ru.
  1990 | D:4      | Reached XP level 6. HP: 9/44 MP: 6/6
  2136 | D:4      | Found a hazy altar of Hepliaklqana.
  2154 | D:4      | Identified the +4 trident of Ruination {flame, rPois rC+
                  | Stlth+}
  2186 | D:4      | Noticed Blork the orc
  2203 | D:4      | Killed Blork the orc
  2204 | D:4      | Reached skill level 6 in Long Blades
  2469 | D:4      | Noticed Menkaure
  2489 | D:4      | Killed Menkaure
  2490 | D:4      | Reached XP level 7. HP: 50/50 MP: 7/7
  2629 | D:4      | Found a staircase to the Ecumenical Temple.
  2640 | Temple   | Entered the Ecumenical Temple
  2640 | Temple   | Found a transporter.
  2640 | Temple   | Found a transporter.
  2642 | Temple   | Found a transporter.
  2642 | Temple   | Found a transporter.
  2656 | Temple   | Became a worshipper of Dithmenos the Shadowed
  2694 | Temple   | Temple: thinking with portals
  2870 | D:4      | Found an opulent altar of Gozag.
  2870 | D:4      | Found a hide-covered altar of Uskayaw.
  3019 | D:4      | Found a snail-covered altar of Cheibriados.
  3090 | D:5      | Entered Level 5 of the Dungeon
  3100 | D:5      | Found a runed translucent door.
  3101 | D:5      | Noticed angrytalen3's ghost (amateur MiGl)
  3114 | D:5      | Found Vykh's Neck Hole.
  3165 | D:5      | Reached skill level 7 in Long Blades
  3367 | D:5      | Reached skill level 1 in Evocations
  3373 | D:5      | Reached XP level 8. HP: 25/56 MP: 8/8
  3495 | D:5      | Found Diasiaf's Assorted Antiques.
  4011 | D:6      | FOAV IR FEKHLE - fog
  4012 | D:6      | LYUGOPN HAUSMANI - torment
  4013 | D:6      | DOETENINIEG - venom
  4014 | D:6      | SARGHO KOCOXUFA - silence
  4025 | D:6      | Found a white marble altar of Elyvilon.
  4028 | D:6      | bubbling pink potion - heal wounds
  4041 | D:6      | Reached skill level 8 in Long Blades
  4221 | D:6      | Reached skill level 5 in Shields
  4386 | D:6      | Found a shimmering altar of Xom.
  4408 | D:6      | Identified the +1 dagger of Circular Logic {flame, rN+
                  | Str-2 Int+5 Dex+3}
  4461 | D:6      | Mangled by a gnoll

Illustrated notes ############# ##.....#.....#### ##..@............### #..................# #..................# #................... #................# #................# #................# ##.................. ##...........####[. Turn 224 on D:1: staff of death in west #.K.!..# #..g...# #......# ###?.....# ........# #...b.[# #...b..# #...@..# ##.##### # Turn 448 on D:2: ruby potion - resistance ######## #...$..# #...!..# #..>...# #......# ######@.....# #............# #.#####..†).[# #......# #...<..# ##.##### #.# ..# #### Turn 463 on D:2: purple potion - haste ######## #...$..# #...!..# #..>...# #......# ######@.....# #............# #.#####..†).[# #......# #...<..# ##.##### #.# ..# #### Turn 464 on D:2: blue potion - brilliance

...####..######.##..## ##..<.##
......#.....##...#...# ##....#
.#..#.......##...##..####....####
.#.......#...#.#..#........###.##
.#................###.....## #...
.............##....#..#...# ##..
##[.....#.......)..##.###.# ###..
#...........#.....##)###.###....
#####...#.#...#@..##............
##................#.............
#..##.##....##.#.#[.##..........
##.##..#....).......#............
.........#.####.......##........#
##..>####..# ##...............##
..........#####......###........#
...##########.....##..##........#
#### ##...######.###.#####..


Turn 1052 on D:1: D:2 uphatch looks good. ...............# ...####!.#####.# #..#
#.# #..# #.# #..# #.# #..#####.# #.)......# #..##...## .######@..#...#
#.............# .######...#...# ##.##...# #.##...# .......# [......## .......##
### .#### Turn 1163 on D:3: murky clear potion - cancellation ...............#
...####!.#####.# #..# #.# #..# #.# #..# #.# #..#####.# #.)......# #..##...##
.######@..#...# #.............# .######...#...# ##.##...# #.##...# .......#
[......## .......## ### .#### Turn 1164 on D:3: sapphire potion - curing
##_#...#_## ##..#...#..## ###...#...#...### ##_..._#...#_..._##
#......#...#......# #......#...#......# #......#...#......# #.....©#©.©#©.....#
#_.....#8@8#......# #.....©#©.©#©.....# #......#...#.._...# #......#...#......#
#......#...#_.....# ##.....#...#.....## ###...#...#...### ##..#...#..##
##_#.<.#.## Turn 2694 on Temple: Temple: thinking with portals .. ..... ###.
.... ...#... #.....# #.....# #.§§..# #.§§§.# #.§@§.# #....§§§.# #..####.### #
#.# #.# #.# #.# #.# Turn 4011 on D:6: FOAV IR FEKHLE - fog .. ..... ###. ....
...#... #.....# #.....# #§§§§.# #§§§§.# #§§@§§# #....§§§§# #..####§### # #.# #.#
#.# #.# #.# Turn 4012 on D:6: LYUGOPN HAUSMANI - torment .. ..... ###. ....
...#... #.....# #.....# #§§§§.# #§§§§.# #§§@§§# #...§§§§§# #..####§### # #.# #.#
#.# #.# #.# Turn 4013 on D:6: DOETENINIEG - venom .. ..... ###. .... ...#...
#.....# #.....# #§§§§.# #§§§§.# #§§@§§# #...§§§§§# #..####§### # #.# #.# #.# #.#
#.# Turn 4014 on D:6: SARGHO KOCOXUFA - silence #.# #.# #.# #.# #.# ########.#
P...PP..# ≈ #P.#..#.!##≈≈⌠≈ ≈≈≈≈≈≈≈@≈≈≈≈...≈ ............._.⌠ ≈≈≈≈≈S≈≈≈≈≈≈...≈
#P.#P.#P.##≈≈⌠≈≈ $PP.P....# #≈≈≈# ########.. #### ### Turn 4028 on D:6: bubbling
pink potion - heal wounds

Levels and vault maps discovered:
D:1:      dpeg_arrival_arbitrary_b, layout_rooms
D:2:      layout_rooms, st_stairs_8, chequers_serial_rivers_large_a
D:3:      layout_loops_ring, nicolae_ecumenical_snake_handling,
          minmay_misc_feat_alley, minmay_box_of_dots, uniq_jessica
D:4:      layout_basic, mainiacjoe_overflow_alcove_1,
          mainiacjoe_overflow_surrounded_room,
          gammafunk_temple_overflow_forgotten, minmay_temple_entry_mini_moons,
          kennysheep_big_empty_room, uniq_menkaure, uniq_blork_the_orc
D:5:      layout_basic, gammafunk_ghost_grave, serial_shops,
          nicolae_take_the_stairs, nicolae_shop_sticking_my_neck_out
D:6:      layout_basic, nicolae_elyvilon_temple_path,
          mainiacjoe_overflow_small_starburst, portal_sewer_entry_b
Temple:   hellmonk_temple_divided_pantheon

Skill      XL: |  1  2  3  4  5  6  7  8 |
---------------+-------------------------+-----
Stealth        | 1 2 3 4 |  4.0
Long Blades    | 4 5 6 7 8 |  8.8
Dodging        | 5 6 |  6.9
Shields        | 1 2 3 5 |  5.0
Evocations     | 1 2 |  2.8
Fighting       | |  2.2
Throwing       | |  2.1

Action                     |  1- 3 |  4- 6 |  7- 9 || total
---------------------------+-------+-------+-------++-------
  Melee: Long sword        |    92 |   150 |   189 ||   431
         Tailslap          |       |       |     3 ||     3
  Throw: Throwing net      |       |     3 |     2 ||     5
         Javelin           |       |     3 |     1 ||     4
    Use: Scroll            |     3 |     2 |     6 ||    11
         Potion            |       |     1 |     3 ||     4
   Stab: Sleeping          |     2 |     5 |     1 ||     8
         Held in net/web   |       |     1 |     2 ||     3
 Armour: Leather armour    |    30 |       |       ||    30
         Ring mail         |     8 |    55 |    55 ||   118
  Dodge: Dodged            |    93 |    93 |   121 ||   307
  Block: Buckler           |       |     4 |       ||     4
         Kite shield       |       |    68 |   129 ||   197
